[Event "Titled Tuesday Blitz January 31 Late 2023"]
[White "Perske, Thore"]
[Black "Indjic, Aleksandar"]
[WhiteFideId "12902195"]
[BlackFideId "911925"]
[WhiteElo "2448"]
[BlackElo "2618"]
[Result "1/2-1/2"]
[Round "10"]
[TimeControl "180+2"]
[Date "2023.01.31"]
[WhiteClock "0:00:02"]
[BlackClock "0:00:07"]

1. e4 c5 2. Nf3 d6 3. Bb5+ Nd7 4. O-O a6 5. Bd3 e6 6. a4 b6 7. c3 Bb7 8. Bc2 Ngf6 9. Re1 c4 10. Na3 Rc8 11. Qe2 Qc7 12. d3 cxd3 13. Qxd3 Nc5 14. Qc4 Qb8 15. e5 Nfd7 16. Qg4 h5 17. Qf4 dxe5 18. Nxe5 Nxe5 19. Qxe5 Qxe5 20. Rxe5 Bd6 21. Re1 Bd5 22. Be3 Ke7 23. h4 Rhd8 24. Bd1 Nd3 25. Re2 Bc5 26. Bxc5+ bxc5 27. Rd2 Ne1 28. Kf1 Nxg2 29. Rxd5 Ne3+ 30. fxe3 Rxd5 31. Nc4 Rf5+ 32. Kg2 Rb8 33. Bc2 Rd5 34. Rd1 Rxd1 35. Bxd1 g6 36. a5 f5 37. Be2 Rb5 38. Kf3 Kf6 39. e4 e5 40. Bd3 f4 41. Bf1 Rb3 42. Bd3 Rb5 43. Bf1 g5 44. hxg5+ Kxg5 45. Bd3 Kf6 46. Bf1 Rb7 47. Nb6 Rg7 48. Bxa6 Ra7 49. Bc4 Kg5 50. a6 h4 51. Nc8 Ra8 52. Nb6 Ra7 53. Nc8 Ra8 54. Nb6 Ra7 1/2-1/2


[Site "https://www.chess.com"]

[Event "Titled Tuesday Blitz January 31 Late 2023"]
[White "Oro, Faustino"]
[Black "Makhnev, Denis"]
[WhiteFideId "20000197"]
[BlackFideId "13707647"]
[WhiteElo "2269"]
[BlackElo "2483"]
[Result "1-0"]
[Round "10"]
[TimeControl "180+2"]
[Date "2023.01.31"]
[WhiteClock "0:00:09"]
[BlackClock "0:00:59"]

1. Nf3 d5 2. g3 Nd7 3. d4 Nb6 4. Bg2 Nf6 5. O-O Bf5 6. Nbd2 c6 7. Ne5 e6 8. c3 Be7 9. Ndf3 h6 10. Ne1 O-O 11. N5d3 Nbd7 12. Nc2 c5 13. dxc5 Nxc5 14. Nd4 Bh7 15. Be3 Rc8 16. Nc2 b6 17. Bd4 Nfd7 18. Qd2 Re8 19. Rae1 Bf8 20. f3 b5 21. Bf2 Nb6 22. b3 Qc7 23. Nd4 a6 24. g4 Nbd7 25. Bg3 Bd6 26. Bxd6 Qxd6 27. Nf2 Qc7 28. f4 Nf6 29. f5 exf5 30. Nxf5 Bxf5 31. gxf5 Nce4 32. Nxe4 dxe4 33. Rc1 e3 34. Qd4 Rcd8 35. Qh4 Rd2 36. Bf3 Rxa2 37. c4 bxc4 38. Rxc4 Qe5 39. Kh1 Qxf5 40. Rg1 Qe5 41. Qxh6 Nd7 42. Rh4 g6 43. Qh7+ Kf8 44. Re4 Qxe4 45. Bxe4 Rxe4 46. Rf1 Ne5 47. Qh8+ Ke7 48. Qf6+ Ke8 49. Rd1 Rxe2 50. Rd8# 1-0


[Site "https://www.chess.com"]

[Event "Titled Tuesday Blitz January 31 Late 2023"]
[White "Vlassov, Nikolai"]
[Black "Tari, Aryan"]
[WhiteFideId "4103360"]
[BlackFideId "1510045"]
[WhiteElo "2283"]
[BlackElo "2642"]
[Result "1-0"]
[Round "10"]
[TimeControl "180+2"]
[Date "2023.01.31"]
[WhiteClock "0:01:49"]
[BlackClock "0:00:26"]

1. e4 c5 2. c3 Nf6 3. e5 Nd5 4. d4 e6 5. c4 Nb6 6. dxc5 Bxc5 7. Qg4 Kf8 8. Nf3 Nc6 9. Nc3 d6 10. Bg5 Nxe5 11. Nxe5 f6 12. O-O-O fxg5 13. Ne4 Qc7 14. Qxg5 Qe7 15. Qf4+ Kg8 16. Nxc5 dxc5 17. Rd8+ 1-0


[Site "https://www.chess.com"]

[Event "Titled Tuesday Blitz January 31 Late 2023"]
[White "Baskakov, Egor"]
[Black "Koellner, Ruben Gideon"]
[WhiteFideId "24197866"]
[BlackFideId "12993093"]
[WhiteElo "2215"]
[BlackElo "2426"]
[Result "1-0"]
[Round "10"]
[TimeControl "180+2"]
[Date "2023.01.31"]
[WhiteClock "0:01:55"]
[BlackClock "0:01:14"]

1. e4 d6 2. g3 e5 3. Bg2 Nf6 4. Ne2 c5 5. c3 Nc6 6. d4 cxd4 7. cxd4 Qb6 8. d5 Nd4 9. Nxd4 exd4 10. O-O Bg4 11. Qa4+ Bd7 12. Qa3 Rc8 13. Nd2 Be7 14. Nb3 Rc4 15. Qa5 O-O 16. Qxb6 axb6 17. Rd1 Ng4 18. Bf4 g5 19. Bd2 Ne5 20. f4 Bg4 21. fxe5 Bxd1 22. exd6 Bxd6 23. Rxd1 f6 24. Bf1 Rc2 25. Nxd4 Bc5 26. Bc3 Ra8 27. Bd3 1-0


[Site "https://www.chess.com"]

[Event "Titled Tuesday Blitz January 31 Late 2023"]
[White "Hasanagic, Anel"]
[Black "Pakleza, Zbigniew"]
[WhiteFideId "14605791"]
[BlackFideId "1119290"]
[WhiteElo "2243"]
[BlackElo "2494"]
[Result "0-1"]
[Round "10"]
[TimeControl "180+2"]
[Date "2023.01.31"]
[WhiteClock "0:00:08"]
[BlackClock "0:01:43"]

1. e3 d5 2. b3 Nf6 3. Bb2 Bf5 4. Nf3 e6 5. Nh4 Bg6 6. d3 c6 7. Nd2 Bh5 8. Nhf3 Nbd7 9. h3 Qc7 10. Be2 a5 11. a4 Be7 12. d4 O-O 13. O-O Rfd8 14. Ne1 Bxe2 15. Qxe2 e5 16. dxe5 Nxe5 17. Nd3 Bd6 18. f4 Ned7 19. c4 Re8 20. Rac1 Qb6 21. Bd4 Qxd4 22. exd4 Rxe2 0-1


[Site "https://www.chess.com"]

[Event "Titled Tuesday Blitz January 31 Late 2023"]
[White "Fiorito, Joaquin"]
[Black "Salimova, Nurgyul"]
[WhiteFideId "180173"]
[BlackFideId "2915138"]
[WhiteElo "2405"]
[BlackElo "2391"]
[Result "0-1"]
[Round "10"]
[TimeControl "180+2"]
[Date "2023.01.31"]
[WhiteClock "0:00:01"]
[BlackClock "0:00:05"]

1. d4 Nf6 2. Nc3 d5 3. Bf4 e6 4. Nb5 Na6 5. e3 Be7 6. Nf3 O-O 7. Be2 c6 8. Nc3 Nb8 9. O-O c5 10. dxc5 Bxc5 11. Bd3 Nc6 12. e4 dxe4 13. Nxe4 Nd5 14. Bg3 Be7 15. a3 f5 16. c4 fxe4 17. Bxe4 Nf6 18. Qe2 Nxe4 19. Qxe4 Qe8 20. b4 a6 21. Rad1 Qh5 22. h3 Bf6 23. Bd6 Re8 24. Rfe1 e5 25. b5 axb5 26. cxb5 Nd8 27. Nxe5 Nf7 28. f4 Nxd6 29. Rxd6 Bxe5 30. fxe5 Rxa3 31. e6 Qc5+ 32. Qd4 Qxd4+ 33. Rxd4 Rb3 34. Re5 Bxe6 35. Rde4 Kf7 36. Rf4+ Kg6 37. Rfe4 Kf6 38. Rh5 h6 39. Rf4+ Kg6 40. Rc5 Rb2 41. h4 Bd7 42. Rc7 Rd2 43. Rxb7 Ree2 44. g4 Rg2+ 45. Kf1 Bxg4 46. Rb6+ Kh5 47. Rc6 Bh3 48. Rc5+ g5 49. hxg5 Rxg5+ 0-1


[Site "https://www.chess.com"]

[Event "Titled Tuesday Blitz January 31 Late 2023"]
[White "Mikaelyan, Arman"]
[Black "Klose, Eli"]
[WhiteFideId "13304852"]
[BlackFideId "16242955"]
[WhiteElo "2523"]
[BlackElo "1519"]
[Result "1-0"]
[Round "10"]
[TimeControl "180+2"]
[Date "2023.01.31"]
[WhiteClock "0:01:17"]
[BlackClock "0:01:10"]

1. a3 a6 2. e4 e6 3. d4 d5 4. exd5 exd5 5. c4 Nf6 6. Nc3 Be7 7. Nf3 O-O 8. cxd5 Nxd5 9. Bd3 Bg4 10. O-O Nc6 11. h3 Bh5 12. Bxh7+ Kxh7 13. Ng5+ Kg6 14. Qd3+ f5 15. Ne6 Qd6 16. Nxd5 Rh8 17. Nef4+ Kf7 18. Qxf5+ Kg8 19. Nxh5 g6 20. Nhf6+ Bxf6 21. Qxf6 Qxd5 22. Qxg6+ Kf8 23. Bh6+ Rxh6 24. Qxh6+ Kg8 25. Rae1 Nxd4 26. Re7 Nf5 27. Qh7+ Kf8 28. Rd7 Qe5 29. Qf7# 1-0


[Site "https://www.chess.com"]

[Event "Titled Tuesday Blitz January 31 Late 2023"]
[White "Goltsev, Dmitry"]
[Black "Diaz Perez, Michel Alejandro"]
[WhiteFideId "24176710"]
[BlackFideId "3517179"]
[WhiteElo "2269"]
[BlackElo "2414"]
[Result "1-0"]
[Round "10"]
[TimeControl "180+2"]
[Date "2023.01.31"]
[WhiteClock "0:00:04"]
[BlackClock "0:00:01"]

1. e4 c6 2. d4 d5 3. Nc3 dxe4 4. Nxe4 Nd7 5. Qe2 Qc7 6. g3 Ngf6 7. Bf4 Qa5+ 8. Bd2 Qd5 9. Bg2 Nxe4 10. Bxe4 Qxd4 11. Bc3 Qc5 12. O-O-O Nf6 13. Qd3 Bg4 14. f3 Be6 15. Ne2 Bc4 16. Qd2 e5 17. Bf5 Be7 18. Bd7+ Kf8 19. Bf5 b5 20. a3 a5 21. Bxa5 Bxe2 22. Bb4 Qxb4 23. Qxe2 Rxa3 24. c3 Ra1+ 25. Bb1 Qc4 26. Qxe5 Qe6 27. Qb8+ Ne8 28. Rhe1 Qf5 29. Re4 g6 30. Rde1 Kg7 31. g4 Bg5+ 32. f4 Qxg4 33. fxg5 Qxg5+ 34. Kc2 Nf6 35. Qe5 Qxe5 36. Rxe5 Nd5 37. Kb3 Rha8 38. R5e2 c5 39. Rf2 c4+ 40. Kc2 Rd8 41. Rd2 b4 42. Re5 b3+ 43. Kc1 1-0


[Site "https://www.chess.com"]

[Event "Titled Tuesday Blitz January 31 Late 2023"]
[White "Cori T., Deysi"]
[Black "Quispe Arteaga, Gabriel"]
[WhiteFideId "3801934"]
[BlackFideId "32059809"]
[WhiteElo "2362"]
[BlackElo "2381"]
[Result "0-1"]
[Round "10"]
[TimeControl "180+2"]
[Date "2023.01.31"]
[WhiteClock "0:00:11"]
[BlackClock "0:00:24"]

1. d4 Nf6 2. Nf3 g6 3. g3 b5 4. Bg2 Bb7 5. O-O Bg7 6. c3 O-O 7. a4 bxa4 8. Qxa4 d6 9. Nbd2 Nbd7 10. Qb3 Nb6 11. c4 c5 12. e3 Qc7 13. Qc2 Rfc8 14. b3 d5 15. dxc5 Nbd7 16. b4 a5 17. Nb3 dxc4 18. Nxa5 Nd5 19. Qxc4 Bxa1 20. Nxb7 Qxb7 21. Nd4 N7f6 22. c6 Qxb4 23. Bxd5 Qxc4 24. Bxc4 Bxd4 25. exd4 Rxc6 26. Be2 Ra1 27. Bg5 Rxf1+ 28. Kxf1 Rd6 29. Be3 Nd5 30. Bf3 Nxe3+ 31. fxe3 f5 32. h4 Kg7 33. Be2 Kf6 34. Kf2 e5 35. dxe5+ Kxe5 36. Kf3 Rd2 37. Bc4 h6 38. g4 Rc2 39. Bf7 Rc3 40. h5 fxg4+ 41. Kxg4 g5 42. Kf3 Ra3 43. Bg6 Ra4 44. Kg3 Kf6 45. Kf3 Rb4 46. Kg3 g4 47. Be8 Kg5 48. Bf7 Ra4 49. Bg6 Ra3 50. Kf2 Ra2+ 51. Kf1 g3 52. Kg1 Rb2 53. Be8 Re2 0-1


[Site "https://www.chess.com"]

[Event "Titled Tuesday Blitz January 31 Late 2023"]
[White "Moral Garcia, Serafin"]
[Black "Rakhmatullaev, Almas"]
[WhiteFideId "2201925"]
[BlackFideId "14205793"]
[WhiteElo "2238"]
[BlackElo "2275"]
[Result "0-1"]
[Round "10"]
[TimeControl "180+2"]
[Date "2023.01.31"]
[WhiteClock "0:00:06"]
[BlackClock "0:00:08"]

1. c4 Nf6 2. Nc3 e6 3. e4 d6 4. g3 g6 5. Bg2 Bg7 6. Nge2 O-O 7. d3 c5 8. Be3 Nc6 9. h3 Rb8 10. Qd2 a6 11. d4 cxd4 12. Nxd4 Ne5 13. b3 Bd7 14. O-O b5 15. cxb5 axb5 16. f4 b4 17. Nce2 Nc6 18. Rac1 Nxd4 19. Nxd4 e5 20. Nc2 Bc6 21. fxe5 Nxe4 22. Qd3 Nc5 23. Bxc5 Bxg2 24. Kxg2 dxc5 25. Ne1 Qe7 26. Nf3 Rfd8 27. Qc4 Rbc8 28. Rfe1 Qe6 29. Re4 Rd5 30. Rc2 Rcd8 31. Qe2 h6 32. Kh2 g5 33. g4 Bf8 34. Kg2 Rd1 35. Rec4 Ra1 36. Qe4 Rdd1 37. Qe2 Qd5 38. Qe4 Qd7 39. Rf2 Qe6 40. Qf5 Qd5 41. Qe4 Qd7 42. Qf5 Qc6 43. Qe4 Qa6 44. Qc2 Qa8 45. Qe4 Qa6 46. Qc2 Rh1 47. Re4 Raf1 48. Qe2 Rxf2+ 49. Qxf2 Ra1 50. Qe2 Rxa2 0-1


[Site "https://www.chess.com"]

[Event "Titled Tuesday Blitz January 31 Late 2023"]
[White "Hernandez Sanchez, Elvis De La Caridad"]
[Black "Hambleton, Aman"]
[WhiteFideId "6400353"]
[BlackFideId "2606577"]
[WhiteElo "2243"]
[BlackElo "2420"]
[Result "1-0"]
[Round "10"]
[TimeControl "180+2"]
[Date "2023.01.31"]
[WhiteClock "0:00:16"]
[BlackClock "0:00:01"]

1. d4 Nf6 2. Nf3 e6 3. e3 b6 4. Bd3 Bb7 5. O-O c5 6. c4 d6 7. Nc3 a6 8. d5 exd5 9. cxd5 b5 10. e4 Nbd7 11. Re1 Be7 12. a4 b4 13. Ne2 O-O 14. Ng3 Re8 15. Nf5 Bf8 16. Bf4 Qc7 17. h3 Nh5 18. Bh2 g6 19. Ne3 a5 20. Nc4 Nb6 21. Nxb6 Qxb6 22. Bb5 Red8 23. Nd2 Bg7 24. Nc4 Qc7 25. Qd2 Ba6 26. Bxa6 Rxa6 27. Rad1 Raa8 28. e5 dxe5 29. Nxe5 Qb7 30. d6 Nf6 31. Qc2 Rac8 32. Qc4 h6 33. Nxg6 1-0


[Site "https://www.chess.com"]

[Event "Titled Tuesday Blitz January 31 Late 2023"]
[White "Jaracz, Pawel"]
[Black "Poltorak, Sebastian"]
[WhiteFideId "1102222"]
[BlackFideId "1199498"]
[WhiteElo "2467"]
[BlackElo "2354"]
[Result "1-0"]
[Round "10"]
[TimeControl "180+2"]
[Date "2023.01.31"]
[WhiteClock "0:00:37"]
[BlackClock "0:00:02"]

1. d4 Nf6 2. c4 g6 3. Nc3 d5 4. Nf3 Bg7 5. e3 O-O 6. b4 b6 7. Ba3 Bb7 8. Rc1 Nbd7 9. Qb3 e6 10. Be2 Re8 11. O-O Rc8 12. Qa4 dxc4 13. Rfd1 Ra8 14. Bxc4 a6 15. Be2 b5 16. Qc2 Nb6 17. e4 Rc8 18. Bb2 c6 19. a3 Qe7 20. e5 Nfd5 21. Ne4 Red8 22. Qb3 Na4 23. Ba1 h6 24. h4 Kh8 25. g3 Rd7 26. Rd2 Rf8 27. Bd1 Nab6 28. Qd3 Nc4 29. Ra2 Rc7 30. Bb3 Ndb6 31. Nc5 Rd8 32. Qe2 Rd5 33. Bc2 Nd7 34. Nxb7 Rxb7 35. Be4 Ndb6 36. Bxd5 cxd5 37. Bc3 Rc7 38. Bd2 Bf8 39. Bf4 Kh7 40. Kg2 Na4 41. Qd3 Ra7 42. h5 Bg7 43. Nh4 Qe8 44. Rh1 Rc7 45. Rc2 Rc6 46. g4 Nab6 47. Nf3 Qc8 48. hxg6+ fxg6 49. Bxh6 Ne3+ 50. Bxe3+ 1-0


[Site "https://www.chess.com"]

[Event "Titled Tuesday Blitz January 31 Late 2023"]
[White "Golubev, Mikhail"]
[Black "Averjanov, Alexey"]
[WhiteFideId "14100983"]
[BlackFideId "14109867"]
[WhiteElo "2461"]
[BlackElo "2399"]
[Result "1-0"]
[Round "10"]
[TimeControl "180+2"]
[Date "2023.01.31"]
[WhiteClock "0:00:04"]
[BlackClock "0:00:48"]

1. e4 c6 2. d4 d5 3. Nc3 dxe4 4. Nxe4 Bf5 5. Ng3 Bg6 6. c3 Nf6 7. Nh3 e6 8. Nf4 Bd6 9. h4 Qc7 10. Qf3 Bxf4 11. Bxf4 Qb6 12. O-O-O h6 13. Bd3 Bxd3 14. Rxd3 Nbd7 15. Kb1 Nd5 16. Bd2 N7f6 17. c4 Ne7 18. Bf4 Ng6 19. Bd6 O-O-O 20. c5 Qb5 21. Rc1 Rd7 22. Rb3 Qa5 23. Ra3 Qd2 24. Rxa7 Rxd6 25. cxd6 Kb8 26. Rxb7+ Kxb7 27. Qxc6+ Kb8 28. d7 Qd3+ 29. Ka1 Nxd7 30. Qxd7 Nf4 31. Qc7+ Ka8 32. Qxf4 Rb8 33. Qe3 Qb5 34. Qa3+ Kb7 35. Qb3 Qxb3 36. axb3 Rd8 37. Rc4 Rd5 38. Kb1 g5 39. h5 f5 40. Kc2 f4 41. Ne4 g4 42. f3 g3 43. Nc5+ Kb6 44. Nxe6 Rxh5 45. Nxf4 Rh2 46. Kd3 h5 47. Ke4 h4 48. d5 h3 49. gxh3 Rxb2 50. d6 Rd2 51. Nd5+ Kb5 52. d7 g2 53. Rc1 Re2+ 54. Kf4 Rc2 55. Rd1 Rd2 56. Rxd2 g1=Q 57. Nc7+ Kb4 58. d8=Q Qc1 59. Qd6+ Ka5 60. Qd5+ Kb6 61. Qb5+ Kxc7 62. Qc4+ Qxc4+ 63. bxc4 Kc6 64. h4 Kc5 65. h5 1-0


[Site "https://www.chess.com"]

[Event "Titled Tuesday Blitz January 31 Late 2023"]
[White "Costachi, Mihnea"]
[Black "Tworuszka, Michal"]
[WhiteFideId "1217518"]
[BlackFideId "1117858"]
[WhiteElo "2476"]
[BlackElo "2260"]
[Result "1/2-1/2"]
[Round "10"]
[TimeControl "180+2"]
[Date "2023.01.31"]
[WhiteClock "0:01:09"]
[BlackClock "0:01:15"]

1. Nc3 c5 2. Nf3 Nc6 3. g3 g6 4. b3 Bg7 5. Bb2 d5 6. e3 a6 7. Bg2 Nh6 8. O-O O-O 9. d3 Nf5 10. e4 dxe4 11. dxe4 Nfd4 12. Nxd4 Nxd4 13. Rb1 Be6 14. Ne2 Nxe2+ 15. Qxe2 Bxb2 16. Rxb2 Qd4 17. Rbb1 Rfd8 18. Rbd1 Qc3 19. e5 Qb4 20. Qe4 Qxe4 21. Bxe4 Rxd1 22. Rxd1 Rb8 23. f4 b5 24. Kf2 h5 25. Ke3 Kg7 26. c3 a5 27. Bd5 Rd8 28. c4 bxc4 29. bxc4 Rb8 30. Bxe6 fxe6 31. Rd7 Kf7 32. Ra7 Rb4 33. Rxa5 Rxc4 34. a4 Rc2 35. h3 Rc3+ 36. Kf2 Rc2+ 37. Kf3 Rc3+ 38. Kf2 Rc2+ 39. Kf1 Rc3 40. Kg2 Rc2+ 41. Kf1 Rc3 42. Kg2 Rc2+ 43. Kf3 Rc3+ 44. Kg2 1/2-1/2


[Site "https://www.chess.com"]

[Event "Titled Tuesday Blitz January 31 Late 2023"]
[White "Krysa, Leandro"]
[Black "Pein, Jonathan"]
[WhiteFideId "116807"]
[BlackFideId "417092"]
[WhiteElo "2541"]
[BlackElo "2265"]
[Result "1-0"]
[Round "10"]
[TimeControl "180+2"]
[Date "2023.01.31"]
[WhiteClock "0:00:27"]
[BlackClock "0:00:03"]

1. e4 e5 2. Nf3 d6 3. d4 exd4 4. Nxd4 Nf6 5. Nc3 g6 6. Bf4 Bg7 7. Qd2 Nc6 8. Nxc6 bxc6 9. e5 Qe7 10. O-O-O dxe5 11. Bxe5 O-O 12. Re1 Re8 13. Bc4 Bf5 14. Bb3 Rad8 15. Qg5 h6 16. Qh4 g5 17. Qc4 Be6 18. Qxc6 Bxb3 19. axb3 Ng4 20. Nd5 Qe6 21. Qxe6 Rxe6 22. Bxg7 Rxd5 23. Rxe6 fxe6 24. f3 Kxg7 25. fxg4 e5 26. h3 e4 27. Re1 Re5 28. Kd2 Kf6 29. Ke3 Ke6 30. Ra1 a5 31. Ra4 Kd5 32. Rd4+ Kc5 33. Rxe4 Rd5 34. Rc4+ Kb5 35. Rxc7 Re5+ 36. Kf3 Rd5 37. c4+ 1-0


[Site "https://www.chess.com"]

[Event "Titled Tuesday Blitz January 31 Late 2023"]
[White "Bjelobrk, Igor"]
[Black "Gutkin, Ilya"]
[WhiteFideId "4300726"]
[BlackFideId "16203470"]
[WhiteElo "2403"]
[BlackElo "2273"]
[Result "1-0"]
[Round "10"]
[TimeControl "180+2"]
[Date "2023.01.31"]
[WhiteClock "0:00:40"]
[BlackClock "0:00:01"]

1. d4 e6 2. c4 Bb4+ 3. Nc3 c5 4. d5 f5 5. dxe6 Bxc3+ 6. bxc3 dxe6 7. Qxd8+ Kxd8 8. Bf4 Nf6 9. Rd1+ Ke8 10. Nf3 Nc6 11. g3 Ne4 12. Ne5 Nxc3 13. Rd3 Ne4 14. Bg2 Ke7 15. Nxc6+ bxc6 16. Bxe4 fxe4 17. Bd6+ Kd7 18. Rd2 Ba6 19. Bxc5+ Kc7 20. Rc2 Rhd8 21. O-O Rab8 22. Bxa7 Rb4 23. Rfc1 Ra8 24. Be3 Ra4 25. Bf4+ Kd7 26. Rd2+ Ke7 27. Rd4 Rxa2 28. Rxe4 Ra7 29. Rc3 Rd7 30. Rce3 Kf7 31. Rxe6 Bxc4 32. R6e5 Bd5 33. f3 g6 34. g4 Rb7 35. Bh6 Kf6 36. h4 Kf7 37. Kf2 Ra8 38. Bg5 Raa7 39. Re8 Kg7 40. Rc8 h6 41. Bf4 Rf7 42. Be5+ Rf6 43. g5 hxg5 44. hxg5 Kf7 45. Bxf6 1-0


[Site "https://www.chess.com"]

[Event "Titled Tuesday Blitz January 31 Late 2023"]
[White "Svane, Frederik"]
[Black "Prydun, Andriy"]
[WhiteFideId "12923044"]
[BlackFideId "14145898"]
[WhiteElo "2600"]
[BlackElo "2134"]
[Result "1-0"]
[Round "10"]
[TimeControl "180+2"]
[Date "2023.01.31"]
[WhiteClock "0:00:12"]
[BlackClock "0:00:02"]

1. e4 c6 2. d4 d5 3. exd5 cxd5 4. c3 Nd7 5. Nf3 Nb6 6. a4 a6 7. a5 Nd7 8. Bf4 Ngf6 9. Nbd2 Nb8 10. Bd3 Nc6 11. Nb3 Bg4 12. Nc5 Qc8 13. b4 e6 14. O-O Bxc5 15. bxc5 O-O 16. h3 Bh5 17. Re1 Nd7 18. Bd6 Re8 19. g4 Bg6 20. Bxg6 hxg6 21. Qa4 Na7 22. c4 dxc4 23. Qxc4 Nb5 24. Bg3 Qc6 25. Ng5 Nf6 26. Be5 Nd5 27. Ne4 Rad8 28. Rad1 Re7 29. Qb3 Red7 30. Qg3 f6 31. Bd6 Nxd6 32. Nxd6 Rxd6 33. cxd6 Qxd6 34. Qxd6 Rxd6 35. Rb1 b6 36. axb6 Nxb6 37. Rec1 Nd5 38. Rb8+ Kh7 39. h4 g5 40. h5 g6 41. Rcc8 gxh5 42. Rh8+ Kg7 43. gxh5 Nf4 44. h6+ Kg6 45. Rbg8+ Kh5 46. h7 Rd7 47. Rf8 Kg4 48. Rxf6 Rxd4 49. Rxf4+ Rxf4 50. Ra8 1-0


[Site "https://www.chess.com"]

[Event "Titled Tuesday Blitz January 31 Late 2023"]
[White "Dourerassou, Jonathan"]
[Black "ArchibaldCerveza29"]
[WhiteFideId "628050"]
[WhiteElo "2414"]
[BlackElo "2532"]
[Result "1-0"]
[Round "10"]
[TimeControl "180+2"]
[Date "2023.01.31"]
[WhiteClock "0:02:03"]
[BlackClock "0:00:14"]

1. d4 d5 2. Bf4 c5 3. e3 Nc6 4. Nf3 Nf6 5. Nbd2 g6 6. c3 Qb6 7. Qc1 Bg7 8. h3 O-O 9. Bd3 Re8 10. O-O a5 11. Bh2 a4 12. Re1 Bf5 13. Bxf5 gxf5 14. Ne5 Ne4 15. Nxe4 fxe4 16. Nd7 Qd8 17. Ne5 Nxe5 18. dxe5 e6 19. Qd1 Qg5 20. Qg4 Qxg4 21. hxg4 Ra5 22. Red1 Rb5 23. Rd2 Kf8 24. Rc1 c4 25. f4 Ke7 26. a3 Rc8 27. Bg3 Rc6 28. Bh4+ Kd7 29. Rcc2 Rcb6 30. Kh2 Bf8 31. Kg3 Bc5 32. Re2 Rb3 33. f5 h6 34. Kf4 Ra6 35. Bf6 Ra8 36. g3 b5 37. Rh2 Bxa3 38. bxa3 Rxa3 39. Rxh6 Rb3 40. Rh7 Rf8 41. g5 exf5 42. g6 Ke6 43. g7 Rg8 44. Rh8 Rxg7 45. Bxg7 a3 46. Rd8 Ke7 47. Bf6+ Ke6 48. Rd6# 1-0


[Site "https://www.chess.com"]

[Event "Titled Tuesday Blitz January 31 Late 2023"]
[White "Real_OceanStorm"]
[Black "Veiga, Jose Francisco R P Neves"]
[BlackFideId "1930087"]
[WhiteElo "2671"]
[BlackElo "2406"]
[Result "0-1"]
[Round "10"]
[TimeControl "180+2"]
[Date "2023.01.31"]
[WhiteClock "0:02:21"]
[BlackClock "0:01:49"]

1. Nf3 Nc6 2. b3 e5 3. e4 Bc5 4. Bb2 d6 5. h3 f5 6. d3 Nf6 7. Be2 fxe4 8. dxe4 Nxe4 9. O-O Nf6 10. Nc3 O-O 11. Na4 Bb6 12. Nxb6 axb6 13. a4 Qe7 14. Re1 Kh8 15. Bb5 Bf5 16. c3 Qf7 17. Ng5 Qg6 18. Nf3 Bxh3 19. Nh4 Qg4 20. Bxc6 bxc6 21. Qd3 Qxh4 22. gxh3 Nh5 23. Qe3 Nf4 24. Kh2 Nxh3 0-1


[Site "https://www.chess.com"]

[Event "Titled Tuesday Blitz January 31 Late 2023"]
[White "Gubajdullin, Alexei"]
[Black "Ehlvest, Jaan"]
[WhiteFideId "4141202"]
[BlackFideId "4500016"]
[WhiteElo "2285"]
[BlackElo "2530"]
[Result "1-0"]
[Round "10"]
[TimeControl "180+2"]
[Date "2023.01.31"]
[WhiteClock "0:00:09"]
[BlackClock "0:00:02"]

1. d4 Nf6 2. Nf3 c5 3. e3 b6 4. b3 g6 5. Bb2 Bg7 6. Nbd2 O-O 7. Be2 Bb7 8. c4 e6 9. dxc5 bxc5 10. O-O Qe7 11. Ne5 d6 12. Nd3 Nbd7 13. Bf3 d5 14. Rc1 Rac8 15. Qe2 Nb6 16. Ba3 Nfd7 17. Rc2 Ne5 18. Nxe5 Bxe5 19. Rfc1 Ba6 20. Qe1 Bd6 21. Be2 Bb7 22. Bf3 Nd7 23. cxd5 exd5 24. Nc4 Bb8 25. Na5 Ba8 26. Qd1 Qd6 27. g3 Rfd8 28. b4 Qa6 29. Bxd5 Nf6 30. Bxa8 Rxd1+ 31. Rxd1 cxb4 32. Bb7 Rxc2 33. Bxa6 bxa3 34. Rd8+ Kg7 35. Rxb8 Rxa2 36. Bc4 Rc2 37. Rb1 Ng4 38. Ra1 Nxf2 39. Rxa3 Nh3+ 40. Kf1 Rxh2 41. Bd5 Rf2+ 42. Ke1 Rb2 43. Nc4 Rc2 44. Rxa7 Ng5 45. Kd1 Rh2 46. Ne5 Kf6 47. Bxf7 Kxe5 48. Bb3 Rb2 49. Bc2 Nf3 50. Ra5+ Kf6 51. Rc5 h5 52. Ke2 Ne5 53. Ke1 Ra2 54. Rc7 g5 55. Rc5 g4 56. Kf1 Rb2 57. Rc7 Nf3 58. Rc5 1-0


[Site "https://www.chess.com"]

[Event "Titled Tuesday Blitz January 31 Late 2023"]
[White "Sanchez, Sebastian Felipe"]
[Black "Gurevich, Dmitry"]
[WhiteFideId "4403304"]
[BlackFideId "2000407"]
[WhiteElo "2427"]
[BlackElo "2393"]
[Result "1/2-1/2"]
[Round "10"]
[TimeControl "180+2"]
[Date "2023.01.31"]
[WhiteClock "0:00:32"]
[BlackClock "0:00:15"]

1. d4 Nf6 2. c4 a6 3. g3 c5 4. dxc5 e6 5. Bg2 Bxc5 6. Nc3 O-O 7. Nh3 Nc6 8. O-O Rb8 9. Bf4 e5 10. Bg5 Be7 11. Qd2 b5 12. Bxf6 Bxf6 13. c5 Be7 14. Ne4 b4 15. Rfd1 a5 16. Nhg5 Nd4 17. Nf3 Nxf3+ 18. Bxf3 Bb7 19. Qxd7 Bxe4 20. Bxe4 Qxd7 21. Rxd7 Bxc5 22. Rc1 Bb6 23. Bd5 g6 24. Rc6 Kg7 25. b3 Rbd8 26. Rcd6 Bc7 27. Rxd8 Rxd8 28. Rxd8 Bxd8 29. e3 f5 30. Kf1 e4 31. Ke2 Kf6 32. h4 h6 33. Kd2 g5 34. hxg5+ hxg5 35. Ke2 Ke5 36. Bb7 Bb6 37. Bc8 Bc5 38. f4+ exf3+ 39. Kxf3 g4+ 40. Ke2 Bb6 41. Kf2 Ke4 42. Bb7+ Kd3 43. Ba6+ Kd2 44. Bc8 Bxe3+ 45. Kg2 f4 46. gxf4 Bxf4 47. Bxg4 Kc2 48. Kf3 Be5 49. Ke4 Bc3 50. Bd7 Kb2 51. Kd3 Kxa2 52. Kc2 Ka3 53. Ba4 Bh8 54. Kb1 Bg7 55. Kc2 Bf6 56. Kb1 Be5 57. Kc2 Bd4 58. Kb1 Bc3 59. Kc2 Bb2 60. Kb1 Bh8 61. Kc2 Bb2 62. Kb1 Ba1 63. Kxa1 1/2-1/2


[Site "https://www.chess.com"]

[Event "Titled Tuesday Blitz January 31 Late 2023"]
[White "Chor, Kevin"]
[Black "Carbone, Diego"]
[WhiteFideId "2090740"]
[BlackFideId "3002179"]
[WhiteElo "1944"]
[BlackElo "2336"]
[Result "0-1"]
[Round "10"]
[TimeControl "180+2"]
[Date "2023.01.31"]
[WhiteClock "0:01:27"]
[BlackClock "0:01:48"]

1. e4 c5 2. Nf3 e6 3. d4 cxd4 4. Nxd4 Nc6 5. Nc3 Qc7 6. Be3 a6 7. Qf3 Nf6 8. O-O-O Ne5 9. Qg3 b5 10. Bf4 d6 11. f3 Nh5 12. Qh4 Nxf4 13. Qxf4 b4 14. Nce2 Nc4 15. Nb3 Be7 16. Kb1 a5 17. Ng3 a4 18. Nc1 e5 0-1


[Site "https://www.chess.com"]

[Event "Titled Tuesday Blitz January 31 Late 2023"]
[White "Novikov, Evgenij"]
[Black "Blit, Jacques"]
[WhiteFideId "4125380"]
[BlackFideId "114839"]
[WhiteElo "2276"]
[BlackElo "2309"]
[Result "0-1"]
[Round "10"]
[TimeControl "180+2"]
[Date "2023.01.31"]
[WhiteClock "0:00:10"]
[BlackClock "0:00:18"]

1. e4 c5 2. Nf3 a6 3. d4 cxd4 4. c3 d5 5. exd5 Qxd5 6. cxd4 g6 7. Nc3 Qd8 8. Bc4 Bg7 9. h4 Nf6 10. Bxf7+ Kxf7 11. Qb3+ Ke8 12. h5 gxh5 13. Bg5 Nc6 14. O-O-O b5 15. Ne5 Qc7 16. Qf7+ Kd8 17. Qxg7 Rg8 18. Qh6 Rxg5 19. Qf8+ Ne8 20. Nf7+ Kd7 21. Nxg5 Nf6 22. Rhe1 Qf4+ 23. Kb1 Qxg5 24. d5 Kc7 25. d6+ Kb7 26. dxe7 Bf5+ 27. Ka1 Nb4 28. a3 Nc2+ 29. Ka2 b4 30. Rd8 Nxe1 31. Rxa8 Be6+ 32. b3 Qd2+ 33. Ka1 Qxc3+ 34. Kb1 Qxb3+ 35. Kc1 Qc2# 0-1


[Site "https://www.chess.com"]